 Dungeon Crawl Stone Soup version 0.20.1-1-g8b1a95d (webtiles) character file.

50953 DeXoteric the Markscentaur (level 14, -4/126 HPs)
             Began as a Centaur Arcane Marksman on Oct 16, 2017.
             Was the Champion of Okawaru.
             Slain by a warg (12 damage)
             ... on level 6 of the Lair of Beasts on Oct 23, 2017.
             The game lasted 02:45:50 (33628 turns).

DeXoteric the Markscentaur (CeAM)                  Turns: 33628, Time: 02:45:50

Health: -4/126     AC: 15    Str: 15    XL:     14   Next: 21%
Magic:  16/25      EV:  8    Int: 16    God:    Okawaru [******]
Gold:   846        SH:  0    Dex: 14    Spells: 19/28 levels left

rFire    + . .     SeeInvis +   a - +1 shortbow of Polytheism {freeze, rElec rC+ rN+}
rCold    + . .     Gourm    +   (shield currently unavailable)
rNeg     + . .     Faith    .   G - +2 leather armour {rF+}
rPois    .         Spirit   .   Y - +2 helmet {SInv}
rElec    +         Reflect  .   J - +0 cloak
rCorr    .         Harm     .   (no gloves)
MR       +....                  R - +0 centaur barding {Fly}
Stlth    +.........             x - amulet of the gourmand
Regen    0.4/turn               K - +5 ring of dexterity
MPRegen  0.2/turn               (no ring)

@: frozen, flying, very slightly contaminated, drained, slow
A: hooves 3, deformed body, speed 2, tough skin 3
a: Heroism, Finesse, Renounce Religion, Stop Flying


You were on level 6 of the Lair of Beasts.
You worshipped Okawaru.
Okawaru was exalted by your worship.
You were very full.

You visited 3 branches of the dungeon, and saw 17 of its levels.

You collected 1137 gold pieces.
You spent 291 gold pieces at shops.

Inventory:

Hand Weapons
 a - the +1 shortbow of Polytheism (weapon) {freeze, rElec rC+ rN+}
   (Okawaru gifted it to you on level 4 of the Lair of Beasts)

   It causes projectiles fired from it to freeze those they strike, causing
   extra injury to most foes and up to half again as much damage against
   particularly susceptible opponents.
   They can also slow down cold-blooded creatures.
   It protects you from cold.
   It insulates you from electricity.
   It protects you from negative energy.
 b - a +2 shortbow of velocity
   (Okawaru gifted it to you on level 1 of the Lair of Beasts)
Missiles
 e - a throwing net {!f}
 y - 30 arrows (quivered)
Armour
 G - a +2 leather armour of fire resistance (worn)
   (You took it off an orc on level 3 of the Dungeon)
 J - a +0 cloak (worn)
   (You found it on level 6 of the Dungeon)
 R - a +0 centaur barding of flying (worn)
   (Okawaru gifted it to you on level 3 of the Lair of Beasts)
 Y - a +2 helmet of see invisible (worn)
   (You found it on level 5 of the Lair of Beasts)
 Z - a +1 hat of magic resistance
   (Okawaru gifted it to you on level 6 of the Lair of Beasts)
Jewellery
 x - an amulet of the gourmand (around neck)
   (You found it on level 7 of the Dungeon)
 K - a +5 ring of dexterity (left hand)
   (You found it on level 6 of the Dungeon)
 P - an uncursed amulet of faith {unknown}
   (You found it on level 3 of the Lair of Beasts)
Wands
 d - a wand of iceblast (8/15)
   (You took it off a wight on level 10 of the Dungeon)
 f - a wand of lightning (8/15)
   (You found it on level 5 of the Lair of Beasts)
 k - a wand of clouds (2/9)
   (You took it off an orc on level 3 of the Dungeon)
 t - a wand of flame (31/48)
   (You found it on level 5 of the Lair of Beasts)
Scrolls
 c - a scroll of identify {@r1}
 l - 5 scrolls of remove curse {@r2}
 o - 5 scrolls of teleportation {@r4}
 p - 3 scrolls of fear
 D - 2 scrolls of enchant armour
 E - a scroll of amnesia
 F - 2 scrolls of magic mapping
 I - 2 scrolls of recharging
 M - a scroll of enchant weapon
 Q - a scroll of immolation {!r}
Potions
 g - 3 potions of haste {@q3}
 h - 5 potions of brilliance
 i - 3 potions of ambrosia
 j - 11 potions of curing {@q1}
 m - 5 potions of lignification {!q}
 r - a potion of might {unknown}
 u - 6 potions of mutation {!q}
 w - 2 potions of heal wounds {@q2}
 z - 5 potions of berserk rage
 A - 2 potions of agility
 L - a potion of invisibility
 V - 2 potions of magic {unknown}
 W - a potion of resistance {unknown}
Books
 s - a book of Debilitation
 T - a book of Misfortune
   (You found it on level 3 of the Lair of Beasts)
 U - a book of Alchemy
   (You found it on level 3 of the Lair of Beasts)
Comestibles
 n - 14 fruits
 q - 11 bread rations
 v - 13 meat rations
 B - 5 chunks of flesh
 H - 8 royal jellies


   Skills:
 + Level 12.0(11.8) Fighting
 + Level 16.4(16.3) Bows
 + Level 2.8(2.7) Armour
 + Level 3.1(3.0) Dodging
 + Level 7.5(7.4) Spellcasting
 + Level 8.3(8.2) Hexes
 - Level 4.0(3.9) Translocations
 - Level 4.0(3.9) Fire Magic
 - Level 10.0(9.8) Invocations


You had 19 spell levels left.
You knew the following spells:

 Your Spells              Type           Power        Failure   Level  Hunger
a - Corona                Hex            ####...      1%          1    None
f - Inner Flame           Hex/Fire       ####....     3%          3    ##.....
p - Portal Projectile     Hex/Tloc       ####..       3%          3    ##.....
s - Slow                  Hex            ####....     1%          2    None


Dungeon Overview and Level Annotations

Branches:
Dungeon (10/15)            Temple (1/1) D:6            Lair (6/6) D:10
  Swamp (0/4) Lair:2        Snake (0/4) Lair:2        Slime (0/5) Lair:5
    Orc (0/2) D:9

Altars:
Ashenzari
Cheibriados
Dithmenos
Elyvilon
Fedhas
Gozag
Hepliaklqana
Kikubaaqudgha
Makhleb
Nemelex Xobeh
Okawaru
Qazlal
Ru
Sif Muna
Trog
Uskayaw
Vehumet
Xom
Yredelemnul
Zin
The Shining One
Beogh

Shops:
D:9 (

Annotations:
D:6 Gargoyl's ghost, novice MiAK


Innate Abilities, Weirdness & Mutations

You have hooves in place of feet.
Armour fits poorly on your strangely shaped body.
You cover ground very quickly.
You have extremely tough skin. (AC +3)


Message History

Really attack while wielding the +1 shortbow of Polytheism {freeze, rElec rC+ rN+}?
Okay, then.
The blink frog hits you!
* * * LOW HITPOINT WARNING * * *
The blink frog blinks!
Something hits the fungus!
The rime drake breathes ice at you. The flash freeze hits you!
You partially resist.
* * * LOW HITPOINT WARNING * * *
You are encased in ice.
As you read the scroll of teleportation {@r4}, it crumbles to dust.
You feel strangely unstable.
Something hits the fungus!
The blink frog blinks!
The ice encasing you melts away.
The blink frog hits you but does no damage.
The blink frog hits you.
* * * LOW HITPOINT WARNING * * *
The blink frog blinks!
The rime drake breathes ice at you. The flash freeze hits you!
You partially resist.
* * * LOW HITPOINT WARNING * * *
You are encased in ice.
Some of the chunks of flesh in your inventory have rotted away.
Your surroundings suddenly seem different.
A hell hound comes into view.
The hell hound barks!
A hell hound comes into view.
The hell hound barks!
A warg comes into view.
The warg howls!
A hell hound comes into view.
The hell hound barks!
A wolf comes into view.
The wolf howls!
A warg comes into view.
The warg howls!
A black mamba comes into view.
The black mamba hisses angrily.
A polar bear comes into view.
The polar bear growls angrily.
A polar bear comes into view.
The polar bear growls angrily.
The warg bites you.
* * * LOW HITPOINT WARNING * * *
The hell hound breathes flames at you. The blast of flame hits you! You resist.
* * * LOW HITPOINT WARNING * * *
The hell hound bites you but does no damage.
The hell hound barely misses you. The warg bites you!
You die...

#####
#%h.#
#@h.#
#hh.%#
.h....#
##..hS.h..
##h.....%
#..h###
#h#h #.#.


You could see 4 polar bears, a black mamba, 2 wargs, 3 hell hounds and 2 wolves.

Vanquished Creatures
  Kirke (Lair:4)
  Gastronok (Lair:3)
  3 dire elephants (Lair:3)
  7 hydras
  2 two-headed ogres
  A death yak (Lair:1)
  An alligator (Lair:5)
  2 necromancers (D:10)
  6 elephants
  5 black mambas
  16 spiny frogs
  2 rime drakes
  5 komodo dragons
  A queen bee (Lair:1)
  A merfolk (D:10)
  A troll (D:10)
  A tyrant leech (Lair:2)
  A polar bear (Lair:5)
  8 blink frogs
  7 hippogriffs
  4 flying skulls (D:10)
  A wraith (D:10)
  3 shadows (D:10)
  2 spriggans (Lair:5)
  3 hogs (Lair:4)
  30 yaks
  Eustachio (D:6)
  4 wyverns
  5 basilisks
  A hungry ghost (D:10)
  Menkaure (D:5)
  A warg (Lair:6)
  An acid dragon (Lair:6)
  4 nagas (Lair:2)
  15 water moccasins
  A hell hound (Lair:6)
  9 porcupines
  9 orc warriors
  3 ice beasts
  4 black bears
  A sky beast (D:9)
  A phantom (D:7)
  A necrophage (D:9)
  4 ogres
  An eye of draining (D:8)
  29 wolves
  4 centaurs
  19 crocodiles
  14 bullfrogs
  A big kobold (D:7)
  2 scorpions
  9 wights
  16 killer bees
  2 vampire bats (D:3)
  2 electric eels (Lair:3)
  2 howler monkeys (D:7)
  4 crimson imps
  6 centaur zombies
  4 hounds
  4 bullfrog zombies (D:10)
  2 bullfrog skeletons (D:10)
  10 orc priests
  A jelly (D:10)
  A centaur skeleton (D:10)
  A gnoll shaman (D:4)
  5 iguanas
  18 orc wizards
  4 hell rats (Lair:6)
  9 worker ants
  3 hound zombies (D:10)
  4 hound skeletons
  3 worker ant zombies
  12 gnolls
  15 adders
  A howler monkey skeleton (D:4)
  3 shadow imps
  2 adder zombies
  2 adder skeletons
  3 worms
  A dart slug (D:4)
  5 leopard geckos
  88 orcs
  A bat skeleton (D:3)
  5 bat zombies (D:3)
  6 giant cockroaches
  7 goblins
  8 hobgoblins
  13 jackals
  11 kobolds
  8 quokkas
  A ball python (D:3)
  11 bats
  4 frilled lizards
  2 jackal skeletons
  A jackal zombie (D:1)
  2 leopard gecko skeletons
  6 rats
579 creatures vanquished.

Vanquished Creatures (others)
  9 fungi
  24 plants
  8 toadstools (Lair:3)
41 creatures vanquished.

Grand Total: 620 creatures vanquished

Notes
Turn   | Place    | Note
-------+----------+-------------------------------------------
     0 | D:1      | DeXoteric the Centaur Arcane Marksman began the quest for the Orb.
     0 | D:1      | Reached XP level 1. HP: 16/16 MP: 2/2
   165 | D:1      | Reached skill level 3 in Bows
   349 | D:1      | Reached XP level 2. HP: 20/23 MP: 3/3
  1393 | D:1      | Learned a level 2 spell: Slow
  1669 | D:2      | Reached XP level 3. HP: 28/28 MP: 4/4
  2880 | D:2      | Reached XP level 4. HP: 20/36 MP: 6/6
  2889 | D:2      | Reached skill level 4 in Bows
  3410 | D:2      | Found a blossoming altar of Fedhas.
  3476 | D:2      | Learned a level 3 spell: Inner Flame
  3780 | D:3      | Found a faded altar of an unknown god.
  3851 | D:3      | Reached XP level 5. HP: 14/42 MP: 2/8
  4359 | D:3      | Found an ancient bone altar of Kikubaaqudgha.
  4695 | D:2      | Reached XP level 6. HP: 40/50 MP: 5/9
  5822 | D:4      | Reached skill level 5 in Bows
  5838 | D:4      | Found a basalt altar of Yredelemnul.
  6297 | D:4      | Noticed an ice beast
  6453 | D:4      | Killed an ice beast
  6453 | D:4      | Reached skill level 6 in Bows
  6453 | D:4      | Reached XP level 7. HP: 37/59 MP: 10/10
  6802 | D:4      | Found a burning altar of Makhleb.
  6891 | D:5      | Entered Level 5 of the Dungeon
  7291 | D:5      | Reached skill level 7 in Bows
  7470 | D:5      | Found a runed door.
  7908 | D:5      | Noticed Menkaure
  7921 | D:5      | Killed Menkaure
  7921 | D:5      | Reached skill level 5 in Fighting
  7921 | D:5      | Reached skill level 8 in Bows
  7953 | D:5      | Reached XP level 8. HP: 69/69 MP: 11/11
  8095 | D:5      | Reached skill level 9 in Bows
  8956 | D:5      | Found a roughly hewn altar of Beogh.
  9334 | D:6      | Noticed Gargoyl's ghost (novice MiAK)
  9905 | D:6      | Reached skill level 10 in Bows
  9978 | D:6      | Noticed Eustachio
 10018 | D:6      | Killed Eustachio
 10462 | D:6      | Found a staircase to the Ecumenical Temple.
 10495 | Temple   | Entered the Ecumenical Temple
 10562 | Temple   | Became a worshipper of Warmaster Okawaru
 10972 | D:6      | Found a snail-covered altar of Cheibriados.
 11207 | D:7      | Reached skill level 11 in Bows
 11229 | D:7      | Reached skill level 1 in Invocations
 11229 | D:7      | Reached XP level 9. HP: 78/78 MP: 9/12
 12177 | D:7      | Reached * piety under Okawaru
 12530 | D:7      | Reached skill level 12 in Bows
 13681 | D:8      | Reached ** piety under Okawaru
 14062 | D:8      | Reached XP level 10. HP: 67/88 MP: 10/14
 14527 | D:8      | Found a hazy altar of Hepliaklqana.
 15409 | D:9      | Found a staircase to the Orcish Mines.
 15832 | D:9      | Reached skill level 13 in Bows
 15954 | D:9      | Reached skill level 5 in Hexes
 16692 | D:9      | Noticed a two-headed ogre
 16734 | D:9      | Killed a two-headed ogre
 16734 | D:9      | Reached *** piety under Okawaru
 16734 | D:9      | Reached skill level 5 in Invocations
 17017 | D:9      | Found Riororph's Weapon Shop.
 17025 | D:9      | Bought a +2 shortbow of freezing for 226 gold pieces
 17025 | D:9      | Bought 25 arrows for 65 gold pieces
 17276 | D:10     | Entered Level 10 of the Dungeon
 17304 | D:10     | Found a staircase to the Lair.
 17395 | D:10     | Received a gift from Okawaru
 17564 | D:10     | Noticed a two-headed ogre
 17609 | D:10     | Killed a two-headed ogre
 18110 | D:10     | Reached XP level 11. HP: 97/97 MP: 14/17
 18141 | D:10     | Reached **** piety under Okawaru
 18155 | D:10     | Noticed a necromancer
 18170 | D:10     | Killed a necromancer
 18452 | D:10     | Received a gift from Okawaru
 19154 | D:10     | Reached skill level 14 in Bows
 19397 | D:10     | Noticed a necromancer
 19406 | D:10     | Killed a necromancer
 19406 | D:10     | Reached ***** piety under Okawaru
 20059 | D:10     | Received a gift from Okawaru
 20337 | Lair:1   | Entered Level 1 of the Lair of Beasts
 20367 | Lair:1   | Reached skill level 5 in Spellcasting
 20580 | Lair:1   | Received a gift from Okawaru
 21111 | Lair:1   | Received a gift from Okawaru
 21282 | Lair:1   | Reached skill level 10 in Fighting
 21623 | Lair:1   | Noticed a death yak
 21980 | Lair:1   | Killed a death yak
 21980 | Lair:1   | Reached XP level 12. HP: 84/106 MP: 18/20
 22204 | Lair:1   | Learned a level 3 spell: Portal Projectile
 22218 | Lair:1   | Found a shimmering altar of Xom.
 22499 | Lair:1   | Received a gift from Okawaru
 23082 | Lair:2   | Noticed a six-headed hydra
 23105 | Lair:2   | Killed a six-headed hydra
 23294 | Lair:2   | Found a staircase to the Snake Pit.
 23618 | Lair:2   | Reached skill level 15 in Bows
 24034 | Lair:2   | Found a staircase to the Swamp.
 24358 | Lair:2   | Noticed a four-headed hydra
 24367 | Lair:2   | Killed a four-headed hydra
 24367 | Lair:2   | Received a gift from Okawaru
 25393 | Lair:3   | Found a runed door.
 25469 | Lair:3   | Noticed Gastronok
 25571 | Lair:3   | Killed Gastronok
 25571 | Lair:3   | Received a gift from Okawaru
 25571 | Lair:3   | Reached skill level 1 in Translocations
 25571 | Lair:3   | Reached skill level 1 in Fire Magic
 25741 | Lair:3   | Reached ****** piety under Okawaru
 25832 | Lair:3   | Noticed a four-headed hydra
 25859 | Lair:3   | Killed a four-headed hydra
 25875 | Lair:3   | Noticed a seven-headed hydra
 25882 | Lair:3   | Killed a seven-headed hydra
 25882 | Lair:3   | Reached XP level 13. HP: 115/115 MP: 22/22
 25955 | Lair:3   | Received a gift from Okawaru
 26648 | Lair:3   | Noticed a dire elephant
 26648 | Lair:3   | Noticed a dire elephant
 26744 | Lair:3   | Killed a dire elephant
 26761 | Lair:3   | Killed a dire elephant
 26899 | Lair:3   | Got a flickering jade ring
 26905 | Lair:3   | Identified the ring "Celeips" {Ice rPois Dex-5 Stlth+} (You found it on level 3 of the Lair of Beasts)
 28614 | Lair:4   | Noticed Kirke
 28639 | Lair:4   | Reached skill level 10 in Invocations
 29343 | Lair:3   | Noticed a dire elephant
 29432 | Lair:3   | Killed a dire elephant
 29432 | Lair:3   | Reached skill level 16 in Bows
 29899 | Lair:4   | Killed Kirke
 29899 | Lair:4   | Received a gift from Okawaru
 29899 | Lair:4   | Reached skill level 1 in Armour
 29903 | Lair:4   | Got a crude shortbow {god gift}
 29937 | Lair:4   | Identified the +1 shortbow of Polytheism {freeze, rElec rC+ rN+} (Okawaru gifted it to you on level 4 of the Lair of Beasts)
 31217 | Lair:5   | Found a staircase to the Slime Pits.
 31591 | Lair:5   | Received a gift from Okawaru
 32045 | Lair:5   | Reached XP level 14. HP: 125/125 MP: 24/24
 32464 | Lair:6   | Entered Level 6 of the Lair of Beasts
 32715 | Lair:6   | Received a gift from Okawaru
 33628 | Lair:6   | Slain by a warg

Skill      XL: |  1  2  3  4  5  6  7  8  9 10 11 12 13 14 |
---------------+-------------------------------------------+-----
Bows           | 3 4 6 8 11 12 13 14 15 16 | 16.4
Hexes          | 3 4 5 7 8 |  8.3
Fighting       | 2 4 5 6 8 9 10 11 12 | 12.0
Spellcasting   | 2 4 5 6 7 |  7.5
Invocations    | 1 4 6 8 9 10 | 10.0
Translocations | 1 4 |  4.0
Fire Magic     | 1 4 |  4.0
Armour         | 2 |  2.8
Dodging        | 2 3 |  3.1

Action                   |  1- 3 |  4- 6 |  7- 9 | 10-12 | 13-15 || total
-------------------------+-------+-------+-------+-------+-------++-------
Melee: Unarmed           |    32 |    25 |    48 |       |       ||   105
       Kick              |     5 |    10 |    55 |    54 |       ||   124
       Dagger            |       |       |   139 |   201 |       ||   340
       Shortbow          |       |       |     1 |       |       ||     1
 Fire: Hunting sling     |   190 |   218 |       |       |       ||   408
       Shortbow          |       |   128 |   678 |  1190 |   942 ||  2938
 Cast: Slow              |     3 |    18 |    39 |    84 |    19 ||   163
       Corona            |     1 |     2 |    30 |    39 |     3 ||    75
       Portal Projectile |       |       |       |     2 |       ||     2
       Inner Flame       |       |       |       |       |    10 ||    10
Invok: Heroism           |       |       |       |     7 |     3 ||    10
       Finesse           |       |       |       |       |     1 ||     1
Evoke: Wand              |       |     1 |     5 |       |       ||     6
  Use: Scroll            |       |     7 |    13 |     3 |     4 ||    27
       Potion            |       |       |       |       |     1 ||     1
  Eat: Chunk             |     5 |    10 |    31 |    33 |    19 ||    98
Armor: Robe              |    49 |   106 |       |       |       ||   155
       Leather armour    |       |    40 |   117 |   125 |   112 ||   394
Dodge: Dodged            |    66 |   132 |   134 |   162 |   102 ||   596
